 Dungeon Crawl Stone Soup version 0.30-b1-2-g02819fbbbe (webtiles) character file.

Game seed: 5334762224921051411

3001 Metae the Fighter (level 9, 0/67 (81) HPs)
             Began as a Minotaur Fighter on July 3, 2023.
             Slain by a wight
             ... wielding a +0 trident
              (1 damage)
             ... on level 8 of the Dungeon.
             The game lasted 00:13:30 (6657 turns).

Metae the Fighter (Minotaur Fighter)                Turns: 6657, Time: 00:13:31

HP:   0/67 (81)     AC: 12    Str: 24    XL:     9   Next: 54%
MP:   8/8           EV: 10    Int:  9    God:
Gold: 444           SH:  5    Dex:  9    Spells: 8/8 levels left

rFire   . . .        x - +2 dagger (drain)
rCold   . . .        c - +0 buckler
rNeg    . . .        w - +0 chain mail
rPois   .            (helmet restricted)
rElec   .            (no cloak)
rCorr   .            (no gloves)
SInv    .            u - +0 pair of boots
Will    .....        (no amulet) Stlth
                     (no ring)
HPRegen 0.31/turn    (no ring)
MPRegen 0.11/turn

%: no passive effects
@: heavily drained
A: horns 2, retaliatory headbutt, talons 1, clever 1
a: no special abilities


You were on level 8 of the Dungeon.
You visited 2 branches of the dungeon, and saw 9 of its levels.

You collected 444 gold pieces.

Inventory:

Hand Weapons
 e - a +3 mace
 x - a +2 dagger of draining (weapon)
Missiles
 B - 3 javelins (quivered)
 C - 9 poisoned darts
 H - 5 boomerangs
Armour
 c - a +0 buckler (worn)
 u - a +0 pair of boots (worn)
 w - a +0 chain mail (worn)
Jewellery
 b - a ring of wizardry
 I - a ring of see invisible
Wands
 v - a wand of quicksilver (15)
 G - a wand of flame (19)
Scrolls
 g - 3 scrolls of enchant armour {unknown}
 h - 8 scrolls of identify {unknown}
 i - 3 scrolls of teleportation {unknown}
 j - 4 scrolls of immolation {unknown}
 k - a scroll of amnesia {unknown}
 l - a scroll of magic mapping {unknown}
 m - 2 scrolls of brand weapon {unknown}
 n - a scroll of torment {unknown}
 o - a scroll of fear {unknown}
 q - a scroll of blinking {unknown}
 y - a scroll of vulnerability {unknown}
 D - a scroll of fog {unknown}
 J - a scroll of poison {unknown}
Potions
 a - a potion of haste {unknown}
 d - 4 potions of might
 f - 2 potions of mutation
 p - a potion of attraction {unknown}
 r - 2 potions of heal wounds {unknown}
 s - a potion of brilliance {unknown}
 t - 2 potions of magic {unknown}
 z - 2 potions of lignification {unknown}
 A - a potion of berserk rage {unknown}
 E - a potion of curing {unknown}
 F - a potion of degeneration {unknown}


   Skills:
 + Level 8.1 Fighting
 + Level 5.3 Short Blades
 - Level 4.4 Maces & Flails
 + Level 8.0 Armour
 + Level 6.4 Dodging
 + Level 8.0 Shields


You had 8 spell levels left.
You didn't know any spells.
Your spell library contained the following spells:

 Spells                   Type           Power      Damage    Failure   Level
 Beastly Appendage        Tmut           0%         N/A       91%         1
 Sandblast                Erth           0%         2d4       91%         1
 Cigotuvi's Dreadful Rot  Necr/Pois/Air  0%         N/A       97%         2
 Passwall                 Tmut/Erth      0%         N/A       97%         2
 Wereblood                Tmut           0%         N/A       97%         2
 Ignite Poison            Fire/Tmut/Pois 0%         N/A       100%        3
 Spider Form              Tmut/Pois      0%         N/A       100%        3
 Stone Arrow              Conj/Erth      0%         3d7       100%        3
 Freezing Cloud           Conj/Ice/Air   0%         6-21      100%        5


Dungeon Overview and Level Annotations

Branches:
Dungeon (8/15)             Temple (1/1) D:6
   Lair: D:8-11

Altars:
Ashenzari
Cheibriados
Dithmenos
Elyvilon
Fedhas
Gozag
Hepliaklqana
Kikubaaqudgha
Okawaru
Sif Muna
Trog
Vehumet
Yredelemnul
Zin
The Shining One

Annotations:
D:8 3 transporters


Innate Abilities, Weirdness & Mutations

You have a pair of horns on your head.
You reflexively headbutt those who attack you in melee.
You have sharp toenails.
Your mind is acute. (Int +4, Str/Dex -1)


Message History

There is a stone staircase leading down here.
You start resting.
HP restored.
You climb downwards.
Level annotation: 3 transporters The wight hits you with a +3 dagger of freezing.
The wight freezes you. The wight hits you with a +0 trident.
There is a stone staircase leading up here.
You barely miss the wight. Your headbutt misses the wight.
The wight barely misses you. You furiously retaliate!
You headbutt the wight.
The wight hits you from afar with a +0 halberd.
The wight closely misses you.
You closely miss the wight.
The wight is moderately damaged.
The wight barely misses you. You furiously retaliate!
You headbutt the wight. The wight hits you with a +0 trident.
You feel drained.
The wight hits you from afar with a +0 halberd!
You feel drained.
You closely miss the wight. You headbutt the wight.
The wight is severely damaged.
The wight hits you with a +0 trident.
You feel drained.
The wight hits you with a +3 dagger of freezing!
The wight freezes you. The wight barely misses you.
You hit the wight but do no damage. You headbutt the wight!
You destroy the wight!
The wight hits you with a +0 trident!
You feel drained. The wight closely misses you.
Your Shields skill increases to level 8!
You closely miss the wight. You barely miss the wight.
Your headbutt misses the wight.
The wight hits you from afar with a +0 halberd!
* * * LOW HITPOINT WARNING * * *
You feel drained.
* * * LOW HITPOINT WARNING * * *
The wight hits you with a +0 trident!
* * * LOW HITPOINT WARNING * * *
It was a potion of mutation.
You feel extremely strange.
Your toenails lengthen and sharpen.
You feel clever. The wight hits you with a +0 trident.
You die...

#..###..##...##
#........##...#
###............## .
###...............## ..
..#......###.......##..#
).#............##......#
..#...........z.##.....#
..........(#...z......#
................@)..###
............>........#
......................#
..#..............#....#
..##.................##
.## .............#..##
.. .............. .# ..
......... .. #..


You could see 2 wights.

Vanquished Creatures
  A hornet (D:7)
  Grinder (D:5)
  Sigmund (D:6)
  Eustachio (D:5)
  A wyvern (D:8)
  Menkaure (D:4)
  An acid dragon (D:8)
  3 ice beasts
  2 black bears
  An ogre (D:6)
  A centaur (D:7)
  A phantom (D:5)
  A kobold brigand (Temple)
  2 bullfrogs (D:8)
  2 scorpions
  5 wights (D:8)
  A lava snake (D:8)
  A crimson imp (D:8)
  2 hounds
  A jelly (D:5)
  An orc priest (D:8)
  2 sleepcaps
  2 orc wizards
  Natasha (thrice) (D:3)
  4 iguanas
  7 gnolls
  4 adders
  A shadow imp (D:7)
  A white imp (D:5)
  3 ufetubi
  5 dart slugs
  9 orcs
  4 bats
  6 endoplasms
  3 giant cockroaches
  9 goblins
  8 hobgoblins
  5 jackals
  4 quokkas
  5 ball pythons
  2 frilled lizards
  2 goblin skeletons (D:8)
  2 hobgoblin zombies (D:8)
  14 kobolds
  2 kobold skeletons (D:8)
  2 kobold zombies (D:8)
  An orc zombie (D:8)
  5 rats
146 creatures vanquished.

Notes
Turn   | Place    | Note
-------+----------+-------------------------------------------
     0 | D:1      | Metae the Minotaur Fighter began the quest for the Orb.
     0 | D:1      | Reached XP level 1. HP: 19/19 MP: 0/0
   124 | D:1      | Reached XP level 2. HP: 27/27 MP: 1/1
   325 | D:1      | Reached skill level 1 in Maces & Flails
   387 | D:1      | Reached skill level 1 in Dodging
   489 | D:2      | Reached XP level 3. HP: 24/33 MP: 2/2
   905 | D:3      | Found a faded altar of an unknown god.
   978 | D:3      | Noticed Natasha
   983 | D:3      | Killed Natasha
   984 | D:3      | Reached XP level 4. HP: 40/40 MP: 3/3
  1039 | D:3      | Found a snail-covered altar of Cheibriados.
  1069 | D:3      | Noticed Natasha
  1074 | D:3      | Killed Natasha
  1172 | D:3      | Noticed Natasha
  1175 | D:3      | Killed Natasha
  1178 | D:3      | Reached XP level 5. HP: 47/47 MP: 4/4
  1645 | D:3      | Found a glowing silver altar of Zin.
  1709 | D:4      | Found a shadowy altar of Dithmenos.
  2359 | D:4      | Found a bloodstained altar of Trog.
  2566 | D:5      | Entered Level 5 of the Dungeon
  2572 | D:5      | Noticed an ice beast
  2587 | D:5      | Killed an ice beast
  2588 | D:5      | Reached skill level 5 in Fighting
  2588 | D:5      | Reached skill level 5 in Armour
  2588 | D:5      | Reached XP level 6. HP: 36/56 MP: 5/5
  2729 | D:5      | Noticed Menkaure
  2748 | D:5      | Reached skill level 5 in Shields
  2899 | D:4      | Killed Menkaure
  3010 | D:5      | Noticed an ice beast
  3021 | D:5      | Killed an ice beast
  3022 | D:5      | Reached XP level 7. HP: 61/61 MP: 6/6
  3022 | D:5      | Noticed Eustachio
  3029 | D:5      | Killed Eustachio
  3257 | D:5      | You fall into a shaft and drop 1 floor!
  3273 | D:6      | Noticed Sigmund
  3297 | D:6      | Killed Sigmund
  3298 | D:6      | Reached XP level 8. HP: 23/70 MP: 7/7
  3623 | D:5      | Noticed Grinder
  3642 | D:5      | Killed Grinder
  3882 | D:6      | Found a staircase to the Ecumenical Temple.
  3905 | Temple   | Entered the Ecumenical Temple
  3927 | Temple   | Reached skill level 5 in Dodging
  4743 | D:7      | Noticed a hornet
  4753 | D:7      | Killed a hornet
  4822 | D:7      | Reached XP level 9. HP: 73/79 MP: 8/8
  5522 | D:8      | HP: 3/72 [wight/+3 spear (2)]
  5863 | D:8      | Found a hazy altar of Hepliaklqana.
  5863 | D:8      | Found an iron altar of Okawaru.
  5999 | D:8      | Found a glowing golden altar of the Shining One.
  6072 | D:8      | Reached skill level 5 in Short Blades
  6398 | D:8      | Found a transporter.
  6402 | D:8      | Found a transporter.
  6406 | D:8      | Found a transporter.
  6656 | D:8      | HP: 1/67 [wight/+0 trident (7)]
  6657 | D:8      | Gained mutation: You have sharp toenails. [potion of
                  | mutation]
  6657 | D:8      | Gained mutation: Your mind is acute. (Int +4, Str/Dex -1)
                  | [potion of mutation]
  6657 | D:8      | Slain by a wight

Illustrated notes

Levels and vault maps discovered:
D:1:      lightli_iron_boxes, layout_rooms, minmay_misc_feat_tiny
D:2:      layout_rooms
D:3:      layout_loops_ring, old_standard_altar, marbit_many_paths,
          chequers_ecumenical_altar_simple, hangedman_decor_riveting,
          wad_floor_pattern_untrapped, minmay_puff, uniq_natasha
D:4:      layout_loops_ring, mainiacjoe_overflow_alcove_2,
          nicolae_dithmenos_the_darkroom
D:5:      layout_rooms, uniq_grinder, uniq_eustachio, uniq_menkaure
D:6:      layout_cave_pools, minmay_temple_entry_arrows, uniq_sigmund
D:7:      layout_loops_ring
D:8:      layout_cave_pools, makhleb_altar_promises_db,
          nicolae_tso_besieged_by_evil, nicolae_overflow_two_pavilions,
          nzn_wu_jian_contemplation, nicolae_diode_intersection
Temple:   nicolae_temple_godpark

Skill      XL: |  1  2  3  4  5  6  7  8  9 |
---------------+----------------------------+-----
Maces & Flails | 1 2 3 4 |  4.4
Dodging        | 1 2 3 4 5 6 |  6.4
Fighting       | 4 5 6 7 8 |  8.1
Armour         | 4 5 6 7 8 |  8.0
Shields        | 4 5 6 7 8 |  8.0
Short Blades   | 4 5 |  5.3

Action                     |  1- 3 |  4- 6 |  7- 9 || total
---------------------------+-------+-------+-------++-------
  Melee: Mace              |    69 |   108 |    24 ||   201
         Headbutt          |    10 |    19 |    68 ||    97
         Dagger            |       |       |   271 ||   271
    Use: Potion            |       |       |     2 ||     2
 Armour: Scale mail        |    33 |    24 |       ||    57
         Chain mail        |       |    24 |   178 ||   202
  Dodge: Dodged            |    29 |    47 |   177 ||   253
  Block: Buckler           |    15 |    34 |   108 ||   157
